AoeStats
← korosuke

Arena

509366829Analyzed
4v4 RM · 7d ago on Sep 26, 2026· 22m 5s· 8 players
Game mode
Random Map
Map size
Large (8 player)
Population
200
Speed
Normal
Resources
Standard
Victory
Conquest
Starting age
Dark Age
Ending age
Imperial Age
RankedLock teamsTeams togetherTeam positionsShared explorationLock speedFull tech treeHidden civsTurbo modeCheats
Victory
Defeat
1014
+14
🇨🇿 Aztecs · Czechia
1011
+15
🇯🇵 Burgundians · Japan
914
+19
🇯🇵 Ethiopians · Japan
913
+18
🇬🇧 Slavs · United Kingdom
992
-17
🇨🇳 Mongols · China
982
-17
🇪🇸 Khmer · Spain
979
-17
🇺🇸 Spanish · United States
947
-15
TheDrunkenKoala
2:09 Loom
13:09 Feudal Age
13:42 Double-Bit Axe
13:39 Horse Collar
17:36 Bloodlines
18:23 Forging
Danzer
12:45 Feudal Age
11:06 Loom
16:16 Castle Age
14:30 Horse Collar
17:33 Heavy Plow
蒙式战车
10:01 Feudal Age
10:50 Loom
14:33 Castle Age
15:38 Pikeman
Alex
11:44 Feudal Age
16:53 Castle Age
15:07 Double-Bit Axe
15:07 Horse Collar
18:25 Bow Saw
17:54 Man-at-Arms
18:35 Man-at-Arms
19:42 Scale Mail Armor
20:45 Long Swordsman
21:45 Chain Mail Armor
korosuke
11:44 Feudal Age
15:42 Castle Age
14:41 Double-Bit Axe
15:00 Fletching
16:27 Bodkin Arrow
21:05 Crossbowman
Teror
10:05 Feudal Age
11:31 Man-at-Arms
16:46 Scale Mail Armor
16:56 Forging
DOY
11:24 Feudal Age
9:42 Double-Bit Axe
15:54 Castle Age
17:59 Horse Collar
My credit card number: 465687642
12:32 Feudal Age
13:30 Double-Bit Axe
14:08 Gold Mining
Connection lost

Rejoining the realm…

Still unreachable

The connection could not be restored.

Session expired

The server has moved on; the page needs a fresh start.